 Dungeon Crawl Stone Soup version 0.22.1-1-ga44c0e5 (webtiles) character file.

1475 jerryfan the Geomancer (level 8, -3/42 HPs)
             Began as a Gargoyle Earth Elementalist on Oct 4, 2018.
             Was an Initiate of Vehumet.
             Slain by Duvessa
             ... wielding a +0 short sword
              (11 damage)
             ... on level 7 of the Dungeon on Oct 5, 2018.
             The game lasted 00:30:20 (7038 turns).

jerryfan the Geomancer (GrEE)                       Turns: 7038, Time: 00:30:20

Health: -3/42      AC: 10    Str: 11    XL:     8   Next: 78%
Magic:  5/14       EV: 12    Int: 27    God:    Vehumet [......]
Gold:   296        SH:  0    Dex: 10    Spells: 3/16 levels left

rFire    . . .     SeeInvis .   k - +5 whip (pain)
rCold    . . .     Gourm    .   (no shield)
rNeg     + . .     Faith    .   c - +1 robe
rPois    ∞         Spirit   .   (no helmet)
rElec    +         Reflect  .   C - +0 cloak (curse)
rCorr    .         Harm     .   (no gloves)
MR       .....                  (no boots)
Stlth    +.........             (no amulet)
HPRegen  0.14/turn              f - +3 ring of intelligence
MPRegen  0.14/turn              (no ring)

@: confused, brilliant
A: negative energy resistance 1, electricity resistance, unbreathing,
petrification resistance, rot immunity, AC +5
a: Renounce Religion


You were on level 7 of the Dungeon.
You worshipped Vehumet.
Vehumet was noncommittal.
You were hungry.

You visited 2 branches of the dungeon, and saw 8 of its levels.

You collected 296 gold pieces.

Inventory:

Hand Weapons
 g - a +0 short sword
 j - a +0 mace
 k - a +5 whip of pain (weapon)
 t - a +0 spear of flaming
 u - a +4 short sword
 w - a +1 dagger of venom
Missiles
 b - 289 stones (quivered)
 o - 8 curare-tipped needles
Armour
 c - a +1 robe (worn)
 C - a cursed +0 cloak (worn)
Jewellery
 f - a +3 ring of intelligence (left hand)
 x - an uncursed amulet of the gourmand {unknown}
Wands
 v - a wand of disintegration (10)
 z - a wand of paralysis (5)
 B - a wand of flame (29)
Scrolls
 s - 2 scrolls of identify
 y - 3 scrolls of remove curse
Potions
 i - 2 potions of lignification
 p - a potion of haste {unknown}
 r - a potion of berserk rage {unknown}
Comestibles
 d - 14 rations
 A - 4 chunks of flesh


   Skills:
 - Level 0.5 Fighting
 + Level 3.8 Maces & Flails
 + Level 4.4 Armour
 - Level 1.6 Dodging
 - Level 2.2 Stealth
 + Level 4.5 Spellcasting
 + Level 4.1 Conjurations
 - Level 0.7 Transmutations
 * Level 8.3 Earth Magic


You had 3 spell levels left.
You knew the following spells:

 Your Spells              Type           Power        Failure   Level  Hunger
a - Sandblast             Erth           ######       1%          1    None
b - Stone Arrow           Conj/Erth      ######       1%          3    ##.....
c - Petrify               Tmut/Erth      #####...     1%          4    ####...
d - Lee's Rapid Deconstr  Erth           ######....   1%          5    #####..

Your spell library contained the following spells:

 Spells                   Type           Power        Failure   Level  Hunger
 Passwall                 Tmut/Erth      #####...     1%          2    None


Dungeon Overview and Level Annotations

Branches:
Dungeon (7/15)             Temple (1/1) D:6

Altars:
Ashenzari
Cheibriados
Dithmenos
Elyvilon
Fedhas
Gozag
Hepliaklqana
Kikubaaqudgha
Makhleb
Nemelex Xobeh
Okawaru
Qazlal
Ru
Sif Muna
Trog
Uskayaw
Vehumet
Wu Jian
Xom
Yredelemnul
Zin
The Shining One

Shops:
D:4 ?   D:6 ?

Annotations:
D:5 1 runed door, HerrDoktor's ghost, amateur DrFE
D:6 exclusion: downstairs
D:7 Duvessa


Innate Abilities, Weirdness & Mutations

You are resistant to torment.
Your stone body is resilient. (AC +5)
You are immune to poison.
You resist negative energy. (rN+)
You are resistant to electric shocks. (rElec)
You can survive without breathing.
You are immune to petrification.
You are immune to rotting.


Message History

Duvessa closely misses you. Duvessa hits you with a short sword!
* * * LOW HITPOINT WARNING * * *
Casting: Petrify (safe; 1% risk of failure)
Confirm with . or Enter, or press ? or * to list all spells.
Aiming: Petrify (safe; 1% risk of failure)
Press: ? - help, Shift-Dir - straight line, f/p - Duvessa
Aim: Duvessa, wielding a short sword, wearing a scale mail and carrying a wand Duvessa resists with significant effort.
You are feeling hungry.
Duvessa completely misses you.
Casting: Petrify (safe; 1% risk of failure)
Confirm with . or Enter, or press ? or * to list all spells.
You don't have enough magic to cast that spell.
Duvessa rages.
Duvessa hits you with a short sword!
* * * LOW HITPOINT WARNING * * *
It was a potion of ambrosia.
You are confused.
You feel invigorated. Duvessa hits you with a short sword!
You die...

###### #..†.#
.... #.##)# #
....
#.##e##.#
....Z
#n##.@..# ...
#Z#####......
#.### ###.##
#...####.e.#
###......#
#......###
#........#
#........##
#.........#


You could see Duvessa (berserk).

Vanquished Creatures
  2 ogres (D:5)
  2 necrophages
  3 centaurs (D:5)
  Dowan (D:7)
  A howler monkey (D:4)
  2 bullfrog zombies
  3 hounds (D:5)
  A centaur skeleton (D:7)
  3 orc wizards
  3 orc priests
  An iguana (D:4)
  4 worker ants
  2 hound skeletons
  4 gnolls (D:6)
  12 adders
  2 howler monkey skeletons
  A shadow imp (D:4)
  An ooze (D:2)
  An adder zombie (D:7)
  An adder skeleton (D:6)
  3 worms
  2 dart slugs
  6 leopard geckos
  14 orcs
  3 ball pythons
  5 giant cockroaches
  11 hobgoblins
  4 jackals (D:2)
  A quokka (D:2)
  5 bats
  7 frilled lizards
  6 goblins
  11 kobolds
  A quokka skeleton (D:5)
  3 rats
132 creatures vanquished.

Notes
Turn   | Place    | Note
-------+----------+-------------------------------------------
     0 | D:1      | jerryfan the Gargoyle Earth Elementalist began the quest
                  | for the Orb.
     0 | D:1      | Reached XP level 1. HP: 10/10 MP: 3/3
   289 | D:1      | Reached XP level 2. HP: 15/15 MP: 3/5
   456 | D:1      | Reached skill level 4 in Earth Magic
   927 | D:2      | Reached XP level 3. HP: 20/20 MP: 0/6
  1044 | D:2      | Reached skill level 1 in Armour
  1117 | D:2      | Learned a level 3 spell: Stone Arrow
  1510 | D:2      | Reached XP level 4. HP: 24/24 MP: 5/7
  1886 | D:3      | Reached skill level 1 in Maces & Flails
  2410 | D:3      | Reached skill level 5 in Earth Magic
  2414 | D:3      | Reached XP level 5. HP: 28/28 MP: 0/9
  2701 | D:3      | Reached skill level 1 in Conjurations
  2707 | D:3      | Learned a level 4 spell: Petrify
  3521 | D:4      | Reached XP level 6. HP: 33/33 MP: 1/10
  3580 | D:4      | Found Rurops's Magic Scroll Shoppe.
  4005 | D:5      | Entered Level 5 of the Dungeon
  4036 | D:5      | Reached skill level 6 in Earth Magic
  4036 | D:5      | Noticed a sky beast
  4155 | D:5      | Found a runed door.
  4160 | D:5      | Noticed HerrDoktor's ghost (amateur DrFE)
  4195 | D:5      | Reached XP level 7. HP: 32/37 MP: 12/12
  4491 | D:5      | Found a glowing silver altar of Zin.
  4708 | D:5      | Reached skill level 7 in Earth Magic
  4838 | D:5      | Reached XP level 8. HP: 42/42 MP: 7/14
  4854 | D:5      | Learned a level 5 spell: Lee's Rapid Deconstruction
  5873 | D:6      | Found a staircase to the Ecumenical Temple.
  5892 | Temple   | Entered the Ecumenical Temple
  6169 | Temple   | Became a worshipper of Vehumet
  6273 | D:6      | Found Juggoen's Magic Scroll Shoppe.
  6758 | D:7      | Reached skill level 8 in Earth Magic
  6862 | D:7      | Found a bloodstained altar of Trog.
  6939 | D:7      | Noticed Dowan
  6939 | D:7      | Noticed Duvessa
  6978 | D:7      | Killed Dowan
  7038 | D:7      | Slain by Duvessa

Skill      XL: |  1  2  3  4  5  6  7  8 |
---------------+-------------------------+-----
Earth Magic    | 4 5 6 7 8 |  8.3
Armour         | 1 2 3 4 |  4.4
Maces & Flails | 1 2 3 |  3.8
Conjurations   | 1 2 3 4 |  4.1
Spellcasting   | 3 4 |  4.5
Fighting       | |  0.5
Dodging        | |  1.6
Stealth        | |  2.2
Transmutations | |  0.7

Action                   |  1- 3 |  4- 6 |  7- 9 || total
-------------------------+-------+-------+-------++-------
Melee: Mace              |    21 |    88 |       ||   109
       Unarmed           |     1 |       |       ||     1
       Whip              |       |    56 |   188 ||   244
 Cast: Sandblast         |    40 |    18 |     1 ||    59
       Stone Arrow       |     2 |    27 |     8 ||    37
       Petrify           |       |     1 |    10 ||    11
       Lee's Rapid Decon |       |       |    10 ||    10
  Use: Scroll            |     3 |     8 |     4 ||    15
       Potion            |       |     1 |    11 ||    12
 Stab: Sleeping          |     4 |     4 |     1 ||     9
       Petrified         |       |    12 |    15 ||    27
       Invisible         |       |       |     2 ||     2
  Eat: Chunk             |     3 |    12 |    10 ||    25
       Ration            |       |       |     1 ||     1
Armor: Robe              |    20 |    48 |    73 ||   141
       Skin              |       |       |     7 ||     7
Dodge: Dodged            |    25 |   105 |   124 ||   254
